 Dungeon Crawl Stone Soup version 0.30-a0-250-g41c1d76940 (webtiles) character file.

Game seed: 267866332914875463

105 brightshaft the Slasher (level 4, -4/54 HPs)
             Began as a Demigod Gladiator on Oct 12, 2022.
             Slain by an orc priest
             ... wielding a +0 flail
              (6 damage)
             ... on level 3 of the Dungeon.
             The game lasted 00:03:09 (2140 turns).

brightshaft the Slasher (Demigod Gladiator)         Turns: 2140, Time: 00:03:10

Health: -4/54      AC: 22    Str: 15    XL:     4   Next: 29%
Magic:  6/6        EV:  2    Int: 10    God:
Gold:   188        SH:  0    Dex: 19    Spells: 3/3 levels left

rFire   . . .      SeeInvis .    a - +1 long sword
rCold   . . .      Faith    .    (no shield)
rNeg    . . .      Spirit   .    (body armour currently unavailable)
rPois   +          Reflect  .    (helmet currently unavailable)
rElec   .          Harm     .    (cloak currently unavailable)
rCorr   .          Rampage  .    (gloves currently unavailable)
Will    .....      NoTele   +    (boots currently unavailable)
Stlth   ++........               (no amulet)
HPRegen 0.29/turn                (no ring)
MPRegen 0.10/turn                (no ring)

@: tree-form
A: stationary, stasis, torment immunity, boosted hp, high MP 1, forlorn, divine
attributes
a: no special abilities


You were on level 3 of the Dungeon.
You were a tree.
You visited 1 branch of the dungeon, and saw 3 of its levels.

You collected 188 gold pieces.

Inventory:

Hand Weapons
 a - a +1 long sword (weapon)
 l - a +6 club
Missiles
 d - 3 throwing nets (quivered)
 e - a javelin
 m - 4 poisoned darts
Armour
 c - a +2 helmet (melded)
 j - a +0 pair of gloves (melded)
 q - a +0 ring mail (melded)
Scrolls
 b - a scroll of fear {unknown}
 i - a scroll of identify {@r1}
 n - a scroll of enchant weapon
Potions
 f - a potion of lignification
 g - a potion of curing {unknown}
 h - a potion of berserk rage {unknown}
 k - a potion of heal wounds {unknown}
 p - 2 potions of magic {unknown}


   Skills:
 - Level 1.7 Fighting
 * Level 4.8 Long Blades
 - Level 2.0 Throwing
 - Level 2.6 Dodging


You had 3 spell levels left.
You didn't know any spells.
Your spell library was empty.

Dungeon Overview and Level Annotations

Branches:
Dungeon (3/15)


Innate Abilities, Weirdness & Mutations

You are a tree.
Your roots penetrate the ground, keeping you stationary.
You cannot be teleported.
You are immune to unholy pain and torment.
Your maximum health is greatly increased.
Your equipment is partially melded.
You have an increased reservoir of magic. (+10% MP)
You shall have no god before yourself.
Your divine heritage dramatically boosts your attributes as you level up.


Message History

You hit the orc priest.
The orc priest is lightly wounded.
The orc priest barely misses you. The orc hits you with a +0 flail.
You completely miss the orc priest.
The orc priest is lightly wounded.
The orc priest barely misses you. The orc closely misses you.
You barely miss the orc priest.
The orc priest invokes the aid of Beogh against you.
You barely resist. The orc hits you with a +0 flail.
You hit the orc priest.
The orc priest is moderately wounded.
The orc priest hits you with a +0 flail!
The orc hits you but does no damage.
You slash the orc priest!
The orc priest is severely wounded.
The orc barely misses you.
The orc priest invokes the aid of Beogh against you.
Beogh smites you!
* * * LOW HITPOINT WARNING * * *
Really quaff the potion of lignification?
You turn into a tree.
Your +2 helmet melds into your body.
Your +0 pair of gloves melds into your body.
Your +0 ring mail melds into your body.
Your roots penetrate the ground.
The orc completely misses you.
The orc priest hits you but does no damage.
Unknown command.
You barely miss the orc priest.
The orc priest is severely wounded.
The orc hits you but does no damage.
The orc priest hits you but does no damage.
The orc priest casts a cantrip, but nothing happens.
The orc hits you but does no damage.
You closely miss the orc priest.
The orc priest is severely wounded.
The orc priest hits you but does no damage.
The orc hits you but does no damage.
You hit the orc priest.
The orc priest is almost dead.
The orc priest hits you with a +0 flail.
You die...

.................#
#.......#..#.#
###.###.#..#.# #.#
#.#..#.# #.#
#.#..#.# # #.#
#.#..#.#.####. #.#
#.#..#.#...... #.#
#.#..o...# #.#
#.#.##♣#.# #.# #.#
#o#.# ###.### #o#
# #.....# ..#
#.#.#.# ..#
...#.#.# .... ###
#.#.. ...# #.####
....# #######.#


You could see an orc priest and 2 orcs.

Vanquished Creatures
  Jessica (D:2)
  A gnoll (D:1)
  2 adders (D:2)
  A worm (D:2)
  An orc (D:3)
  9 ball pythons
  3 bats (D:1)
  3 endoplasms
  4 giant cockroaches
  7 hobgoblins
  3 jackals (D:2)
  A quokka (D:2)
  2 frilled lizards
  2 goblins (D:1)
  4 kobolds
  4 rats
48 creatures vanquished.

Notes
Turn   | Place    | Note
-------+----------+-------------------------------------------
     0 | D:1      | brightshaft the Demigod Gladiator began the quest for the
                  | Orb.
     0 | D:1      | Reached XP level 1. HP: 17/17 MP: 3/3
    26 | D:1      | Reached skill level 3 in Long Blades
    79 | D:1      | Reached XP level 2. HP: 22/24 MP: 4/4
   678 | D:1      | Reached XP level 3. HP: 24/29 MP: 5/5
  1158 | D:2      | Reached skill level 4 in Long Blades
  1201 | D:2      | Noticed Jessica
  1208 | D:2      | Killed Jessica
  1444 | D:2      | Reached XP level 4. HP: 36/36 MP: 6/6
  2136 | D:3      | HP: 1/36 [orc priest/divine providence (12)]
  2140 | D:3      | Slain by an orc priest

Illustrated notes

Levels and vault maps discovered:
D:1:      heliophobic_arrival_enchanted_forest, layout_basic,
          hellmonk_ecumenical_altar_blasted, nicolae_hexahallways
D:2:      layout_loops_ring, uniq_jessica
D:3:      layout_basic, serial_forest, infiniplex_forest_lined_3,
          infiniplex_forest_straight_4, infiniplex_forest_lined_3_way,
          infiniplex_forest_straight_3

Skill      XL: |  1  2  3 |
---------------+----------+-----
Long Blades    | 3 4 |  4.8
Throwing       | 2 |  2.0
Fighting       | |  1.7
Dodging        | |  2.6

Action                   |  1- 3 |  4- 6 || total
-------------------------+-------+-------++-------
Melee: Long sword        |   114 |    49 ||   163
  Use: Scroll            |     2 |     5 ||     7
       Potion            |       |     1 ||     1
 Stab: Sleeping          |     3 |       ||     3
Armor: Leather armour    |    44 |    12 ||    56
       Ring mail         |       |     6 ||     6
       Skin              |       |     6 ||     6
Dodge: Dodged            |    90 |    24 ||   114

Table legend: (Time is in decaauts)
 A = Elapsed time spent in this place.
 B = Non-inter-level travel time spent in this place.
 C = Inter-level travel time spent in this place.
 D = Time resting spent in this place.
 E = Time spent auto-exploring this place.
 F = Levels seen in this place.
 G = Mean time per level.
                   A        B        C        D        E       F      G
               +--------+--------+--------+--------+--------+-----+--------+
         Total |   2172 |   2118 |     54 |      0 |   1710 |   3 |  724.0 |
       Dungeon |   2172 |   2118 |     54 |      0 |   1710 |   3 |  724.0 |
               +--------+--------+--------+--------+--------+-----+--------+

Top non-repeatable levels by time:
     D:1: 1114 daAuts
     D:2: 987 daAuts
     D:3: 71 daAuts
